 Dungeon Sprint DCSS version 0.26-a0-613-g4f23886 (webtiles) character file.

Game seed: 10354888179662726702

110 Deeps the Covered (level 4, -2/47 HPs)
             Began as a Minotaur Fighter on Sept 11, 2020.
             Slain by a hound (5 damage)
             ... in the Dungeon (Sprint IX: "|||||||||||||||||||||||||||||").
             The game lasted 00:00:23 (48 turns).

Deeps the Covered (Minotaur Fighter)                  Turns: 48, Time: 00:00:24

Health: -2/47      AC:  4    Str: 21    XL:     4   Next: 61%
Magic:  3/3        EV:  9    Int:  5    God:
Gold:   0          SH:  0    Dex: 10    Spells: 3/3 levels left

rFire    . . .     SeeInvis .   a - +0 war axe
rCold    . . .     Faith    .   (no shield)
rNeg     . . .     Spirit   .   b - +0 scale mail
rPois    .         Reflect  .   (helmet restricted)
rElec    .         Harm     .   (no cloak)
rCorr    .         NoTele   +   (no gloves)
MR       .....                  (no boots)
Stlth    ..........             (no amulet)
HPRegen  0.15/turn              (no ring)
MPRegen  0.08/turn              (no ring)

@: corroded
A: retaliatory headbutt, horns 2
a: no special abilities


You were in the Dungeon.
You visited 1 branch

Inventory:

Hand Weapons
 a - a +0 war axe (weapon)
Armour
 b - a +0 scale mail (worn)
Scrolls
 j - a scroll of blinking {!r}
Potions
 d - a potion of might
 g - a potion of haste
 h - 2 potions of magic
 i - a potion of berserk rage {!q}


   Skills:
 + Level 7.3 Fighting
 + Level 6.8 Axes
 + Level 7.3 Armour
   Level 3.6 Shields


You had 3 spell levels left.
You didn't know any spells.
Your spell library was empty.

Dungeon Overview and Level Annotations

Branches:
Dungeon (1/1)

Altars:


Innate Abilities, Weirdness & Mutations

You reflexively headbutt those who attack you in melee.
You have a pair of horns on your head.


Message History

You kill the rat!
There is an open door to the Dungeon, spattered with blood here.
Items here: ))) ††.
You open the door.
An adder, a hound, a jelly, an orc wizard and a howler monkey come into view.
The orc wizard is wielding a +0 dagger of electrocution.
The hound barks!
The jelly quivers.
You slash the howler monkey!
The howler monkey hits you but does no damage.
The howler monkey closely misses you.
You hit the howler monkey. Your headbutt misses the howler monkey.
The orc wizard mumbles some strange words.
The orc wizard seems to speed up.
The howler monkey hits you but does no damage.
You slash the howler monkey!
You kill the howler monkey!
Your Fighting skill increases to level 5!
Your Axes skill gained 2 levels and is now at level 5!
Your Armour skill increases to level 5!
You have reached level 2!
You have reached level 3!
Your experience leads to an increase in your attributes!
Increase (s)trength, (i)ntelligence, or (d)exterity?
You feel stronger.
The orc wizard hits you with a +0 dagger of electrocution.
You regained 14 hp, and now have 32/37 hp.
MP restored: 2 Unknown command.
You closely miss the orc wizard. You headbutt the orc wizard.
The orc wizard hits you but does no damage.
You closely miss the orc wizard. The orc wizard closely misses you.
You furiously retaliate!
You headbutt the orc wizard!
The orc wizard hits you but does no damage.
You are electrocuted!
You take 17 damage, and have 15/37 hp.
MASSIVE DAMAGE!!
You barely miss the orc wizard.
The orc wizard hits you but does no damage.
The orc wizard points at you and mumbles some strange words.
The magic dart hits you!
* * * LOW HITPOINT WARNING * * *
You take 9 damage, and have 6/37 hp.
MASSIVE DAMAGE!!
You hit the orc wizard.
You kill the orc wizard!
Your Fighting skill increases to level 6!
Your Armour skill increases to level 6!
You have reached level 4!
You feel agile.
MP restored: 3 You feel much better.
The jelly hits you but does no damage.
You regained 27 hp, and now have 34/45 hp.
Unknown command.
You slash the jelly! The acid corrodes you!
Your hands burn!
The jelly hits you.
You are splashed with acid!
You take 14 damage, and have 20/45 hp.
MASSIVE DAMAGE!!
You hit the jelly but do no damage.
Your hands burn!
You headbutt the jelly, but do no damage.
The jelly barely misses you. You furiously retaliate!
You headbutt the jelly!
You take 3 damage, and have 17/45 hp.
You hit the jelly.
You kill the jelly!
Your Fighting skill increases to level 7!
Your Axes skill increases to level 6!
Your Armour skill increases to level 7!
The adder bites you.
* * * LOW HITPOINT WARNING * * *
You are poisoned.
The adder poisons you!
You take 3 damage, and have 14/47 hp.
You completely miss the adder. Your headbutt misses the adder.
You feel sick.
The hound stops to sniff the ground.
The adder bites you.
* * * LOW HITPOINT WARNING * * *
You are more poisoned.
The adder poisons you!
You take 4 damage, and have 10/47 hp.
You slash the adder! Your headbutt misses the adder.
You feel sick. The adder bites you.
* * * LOW HITPOINT WARNING * * *
The adder misses you.
You take 5 damage, and have 5/47 hp.
Unknown command.
You feel better. The adder completely misses you.
You regained 6 hp, and now have 11/47 hp.
You slash the adder!
You kill the adder!
The hound bites you but does no damage.
You hit the hound but do no damage. The hound bites you.
* * * LOW HITPOINT WARNING * * *
You take 5 damage, and have 6/47 hp.
You barely miss the hound. The hound bites you but does no damage.
The hound bites you.
* * * LOW HITPOINT WARNING * * *
You take 1 damage, and have 5/47 hp.
You miss the hound. The hound bites you.
* * * LOW HITPOINT WARNING * * *
The hound bites you.
You die...

▓+▓
▓.▓
▓.▓
▓.▓
▓.▓
▓.▓
▓h▓
▓@▓
▓.▓
▓.▓
▓.▓
▓.▓
▓)▓
▓.▓
▓.▓
▓.▓


You could see a hound.

Vanquished Creatures
  A howler monkey (D)
  A jelly (D)
  An orc wizard (D)
  An adder (D)
  A goblin (D)
  3 kobolds (D)
  A rat (D)
9 creatures vanquished.

Notes
Turn   | Place    | Note
-------+----------+-------------------------------------------
     0 | D        | Deeps the Minotaur Fighter began the quest for the Orb.
     0 | D        | Reached XP level 1. HP: 19/19 MP: 0/0
    17 | D        | Reached skill level 4 in Fighting
    17 | D        | Reached skill level 3 in Axes
    17 | D        | Reached skill level 4 in Armour
    30 | D        | Noticed a hound
    30 | D        | Noticed a jelly
    30 | D        | Noticed an orc wizard
    30 | D        | Noticed a howler monkey
    33 | D        | Killed a howler monkey
    33 | D        | Reached skill level 5 in Fighting
    33 | D        | Reached skill level 5 in Axes
    33 | D        | Reached skill level 5 in Armour
    33 | D        | Reached XP level 2. HP: 27/30 MP: 1/1
    33 | D        | Reached XP level 3. HP: 33/37 MP: 2/2
    36 | D        | HP: 6/37 [orc wizard/magic dart (10)]
    37 | D        | Reached skill level 6 in Fighting
    37 | D        | Reached skill level 6 in Armour
    37 | D        | Reached XP level 4. HP: 7/45 MP: 3/3
    41 | D        | Reached skill level 7 in Fighting
    41 | D        | Reached skill level 6 in Axes
    41 | D        | Reached skill level 7 in Armour
    42 | D        | HP: 10/47 [adder (3)]
    47 | D        | HP: 5/47 [hound (2)]
    48 | D        | Slain by a hound

Illustrated notes

Levels and vault maps discovered:
D:        linesprint [early_d, line_temple, items_1, d_10, items_2, lair_1,
          lair_end, items_3, orc_1, orc_end, items_4, d_15, swamp_1, shoals_1,
          snake_1, spider_1, d_20, vaults_1, items_5, swamp_end, shoals_end,
          snake_end, spider_end, vaults_end, d_27, items_6, zot_1, zot_end,
          crypt_end, forest_end, elf_end, slime_end, tomb_end, abyss_end,
          pan_hell_end]

Skill      XL: |  1  2  3  4 |
---------------+-------------+-----
Fighting       | 5 6 7 |  7.3
Axes           | 5 6 |  6.8
Armour         | 5 6 7 |  7.3
Shields        | |  3.6

Action                   |  1- 3 |  4- 6 || total
-------------------------+-------+-------++-------
Melee: War axe           |    21 |     9 ||    30
       Headbutt          |     2 |     1 ||     3
  Use: Potion            |       |     2 ||     2
Armor: Scale mail        |    10 |     3 ||    13
Dodge: Dodged            |    11 |     3 ||    14

Table legend: (Time is in decaauts)
 A = Elapsed time spent in this place.
 B = Non-inter-level travel time spent in this place.
 C = Inter-level travel time spent in this place.
 D = Time resting spent in this place.
 E = Time spent auto-exploring this place.
 F = Levels seen in this place.
 G = Mean time per level.
                   A        B        C        D        E       F      G
               +--------+--------+--------+--------+--------+-----+--------+
         Total |     56 |     56 |      0 |      0 |      0 |   1 |   56.0 |
       Dungeon |     56 |     56 |      0 |      0 |      0 |   1 |   56.0 |
               +--------+--------+--------+--------+--------+-----+--------+

Top non-repeatable levels by time:
       D: 56 daAuts

Table legend:
 A = Kills in this place as a percentage of kills in entire the game.
 B = Kills by you in this place as a percentage of kills by you in the entire game.
 C = Kills by friends in this place as a percentage of kills by friends in the entire game.
 D = Other kills in this place as a percentage of other kills in the entire game.
 E = Experience gained in this place as a percentage of experience gained in the entire game.
 F = Experience gained in this place divided by the number of levels of this place that you have seen.
                   A       B       C       D       E      F
               +-------+-------+-------+-------+-------+----------------------
         Total | 100.0 | 100.0 |   N/A |   N/A | 100.0 | 158.0
       Dungeon | 100.0 | 100.0 |   N/A |   N/A | 100.0 | 158.0
               +-------+-------+-------+-------+-------+----------------------
